 Dungeon Crawl Stone Soup version 0.31.0-12-g77e489cdc1 (webtiles) character file.

Game seed: 14178476563611176720

837 Silvore the Cudgeller (level 7, -15/62 HPs)
             Began as a Minotaur Fighter on Feb 29, 2024.
             Was a Follower of Zin.
             Killed by divine providence
             ... invoked by an orc priest
              (17 damage)
             ... on level 5 of the Dungeon.
             The game lasted 00:05:14 (4400 turns).

Silvore the Cudgeller (Minotaur Fighter)            Turns: 4400, Time: 00:05:15

Health: -15/62     AC: 12    Str: 22    XL:     7   Next: 66%
Magic:  6/6        EV:  6    Int:  5    God:    Zin [*.....]
Gold:   210        SH:  4    Dex: 10    Spells: 6/6 levels left

rFire   . . .        a - +1 flail
rCold   . . .        c - +0 buckler
rNeg    . . .        p - +0 plate armour
rPois   .            (helmet restricted)
rElec   .            (no cloak)
rCorr   .            (no gloves)
SInv    .            (no boots)
Will    .....        (no amulet) Stlth
                     (no ring)
HPRegen 0.30/turn    (no ring)
MPRegen 0.10/turn

%: no passive effects
@: mighty, on recite cooldown
A: horns 2, retaliatory headbutt
a: Renounce Religion, Recite, Donate Gold


You were on level 5 of the Dungeon.
You worshipped Zin.
Zin was aware of your devotion.
You visited 2 branches of the dungeon, and saw 6 of its levels.

You collected 233 gold pieces.
You donated 23 gold pieces to Zin.

Inventory:

Hand Weapons
 a - a +1 flail (weapon)
Armour
 b - a +0 scale mail
 c - a +0 buckler (worn)
 i - the +0 chain mail of the Sky {Dex+4}
   (You found it on level 3 of the Dungeon)

   Dex+4:     It affects your dexterity (+4).
 p - a +0 plate armour (worn)
Jewellery
 o - a ring of magical power
Wands
 j - a wand of flame (48)
Scrolls
 k - a scroll of poison
 m - a scroll of identify
 q - a scroll of teleportation {unknown}
Potions
 d - a potion of might
 e - 4 potions of curing
 f - 2 potions of haste
 g - 2 potions of mutation
 h - a potion of attraction {unknown}
 l - a potion of brilliance {unknown}
 n - a potion of berserk rage {unknown}


   Skills:
 + Level 5.8 Fighting
 + Level 7.1 Maces & Flails
 + Level 6.2 Armour
 + Level 1.0 Dodging
 + Level 1.1 Stealth
 + Level 4.6 Shields


You had 6 spell levels left.
You didn't know any spells.
Your spell library contained the following spells:

 Spells                   Type           Power      Damage    Failure   Level
 Gell's Gravitas          Tloc           0%         N/A       100%        3
 Teleport Other           Tloc           0%         N/A       100%        3
 Dispersal                Tloc           0%         N/A       100%        6
 Sculpt Simulacrum        Ice/Alch       0%         N/A       100%        6
 Ozocubu's Refrigeration  Ice            0%         4d7       100%        7
 Polar Vortex             Ice            0%         N/A       100%        9


Dungeon Overview and Level Annotations

Branches:
Dungeon (5/15)             Temple (1/1) D:5

Altars:
Ashenzari
Cheibriados
Dithmenos
Elyvilon
Fedhas
Gozag
Hepliaklqana
Kikubaaqudgha
Makhleb
Nemelex Xobeh
Okawaru
Qazlal
Sif Muna
Trog
Uskayaw
Vehumet
Wu Jian
Xom
Yredelemnul
Zin
The Shining One

Shops:
D:4 *   D:5 [

Annotations:
D:5 Eustachio


Innate Abilities, Weirdness & Mutations

You have a pair of horns on your head.
You reflexively headbutt those who attack you in melee.


Message History

You barely miss the orc priest. You headbutt the orc priest!
The orc priest is severely wounded.
Eustachio mumbles some strange words.
Eustachio blinks!
You block the orc priest's attack.
You sock the orc priest!
You kill the orc priest!
Eustachio casts a spell.
Eustachio blinks!
Your Maces & Flails skill increases to level 7!
The orc priest hits you with a +1 whip of distortion.
Space warps horribly around you!!
Items here: )) ††.
You completely miss the orc priest.
Eustachio mumbles some strange words.
The orc priest hits you with a +1 whip of distortion.
Space warps horribly around you.
You barely miss the orc priest. The orc priest barely misses you.
You furiously retaliate!
You headbutt the orc priest! You barely miss the orc priest.
Your headbutt misses the orc priest.
The orc priest is severely wounded.
Eustachio gestures wildly while chanting.
Eustachio blinks!
The orc priest hits you with a +1 whip of distortion.
Space warps horribly around you.
* * * LOW HITPOINT WARNING * * *
You barely miss the orc priest.
The orc priest is severely wounded.
Eustachio zaps a wand.
The puff of flame hits you but does no damage.
The orc priest mumbles some strange prayers to Beogh against you.
Beogh smites you!
* * * LOW HITPOINT WARNING * * *
Unknown command.
You feel very mighty all of a sudden.
Eustachio casts a spell.
The orc priest hits you but does no damage.
You block Eustachio's attack.
The orc priest invokes the aid of Beogh against you.
Beogh smites you!
You die...

#.# #.# #.#.. #.#..
#.#.. ..+ #b#)# ..#
#.# #o#.. ...# #.#
#)#.##...# #.#
#@#......# #.#
#@#.#.#+ #.#
#.....#.####.#####
###.#..>..........
#...#.##..........
#####.#.#.####........
#.......#.####........
#######.#.............
#...........#######


You could see Eustachio, an orc priest and a bat (summoned).

Vanquished Creatures
  Grinder (D:3)
  A black bear (D:4)
  3 scorpions
  A bombardier beetle (D:4)
  An orc priest (D:5)
  A hound (D:4)
  A sleepcap (D:5)
  3 jellies
  3 gnolls (D:5)
  4 adders
  A shadow imp (D:4)
  2 ufetubi (D:5)
  2 dart slugs
  A ribbon worm (D:2)
  6 orcs
  8 ball pythons
  8 endoplasms
  4 giant cockroaches
  10 goblins
  5 hobgoblins
  2 jackals (D:5)
  14 kobolds
  2 quokkas (D:1)
  4 bats
  2 rats (D:3)
90 creatures vanquished.

Notes
Turn   | Place    | Note
-------+----------+-------------------------------------------
     0 | D:1      | Silvore the Minotaur Fighter began the quest for the Orb.
     0 | D:1      | Reached XP level 1. HP: 19/19 MP: 0/0
    84 | D:1      | Reached XP level 2. HP: 21/27 MP: 1/1
   480 | D:2      | Reached skill level 3 in Maces & Flails
   480 | D:2      | Reached XP level 3. HP: 33/33 MP: 2/2
   534 | D:2      | Found a bloodstained altar of Trog.
  1305 | D:3      | Identified the +0 chain mail of the Sky {Dex+4}
  1533 | D:3      | Noticed Grinder
  1537 | D:3      | Paralysed by Grinder for 4 turns
  1542 | D:3      | Killed Grinder
  1543 | D:3      | Reached skill level 5 in Maces & Flails
  1543 | D:3      | Reached skill level 5 in Armour
  1543 | D:3      | Reached XP level 4. HP: 25/41 MP: 3/3
  1543 | D:3      | Reached XP level 5. HP: 29/47 MP: 4/4
  1676 | D:3      | Reached skill level 5 in Fighting
  1748 | D:3      | Reached XP level 6. HP: 55/56 MP: 5/5
  1848 | D:3      | Found a faded altar of an unknown god.
  2594 | D:4      | Found Diemmek's Elemental Accessories.
  3360 | D:4      | Reached skill level 6 in Maces & Flails
  3360 | D:4      | Reached skill level 1 in Stealth
  3360 | D:4      | Reached XP level 7. HP: 61/61 MP: 6/6
  3394 | D:4      | Reached skill level 1 in Dodging
  3677 | D:5      | Entered Level 5 of the Dungeon
  3721 | D:5      | Found Lileep's Armour Boutique.
  3868 | D:5      | Found a staircase to the Ecumenical Temple.
  3880 | Temple   | Entered the Ecumenical Temple
  3892 | Temple   | Became a worshipper of Zin the Law-Giver
  3892 | Temple   | Reached * piety under Zin
  4304 | D:5      | Found an opulent altar of Gozag.
  4304 | D:5      | Found a sparkling altar of Nemelex Xobeh.
  4390 | D:5      | Noticed Eustachio
  4394 | D:5      | Reached skill level 7 in Maces & Flails
  4398 | D:5      | HP: 1/62 [orc priest/divine providence (12)]
  4400 | D:5      | Killed from afar by an orc priest

Illustrated notes

Levels and vault maps discovered:
D:1:      dpeg_arrival_arbitrary_c, layout_rooms,
          chequers_serial_rivers_small_a, dk_noncrumbling_4
D:2:      layout_basic, basic_altar, chequers_serial_rivers_micro_a
D:3:      wad_lake_hut, layout_basic, hellmonk_ecumenical_altar_crossroads,
          uniq_grinder
D:4:      layout_cave_pods, nicolae_elemental_shop
D:5:      layout_basic, grunt_temple_overflow_opulence,
          minmay_temple_entry_antechambers, serial_shops, shop, uniq_eustachio
Temple:   nicolae_temple_bog_church

Skill      XL: |  1  2  3  4  5  6  7 |
---------------+----------------------+-----
Armour         | 4 5 6 |  6.2
Fighting       | 4 5 |  5.8
Maces & Flails | 3 5 6 7 |  7.1
Shields        | 4 |  4.6
Stealth        | 1 |  1.1
Dodging        | 1 |  1.0

Action                     |  1- 3 |  4- 6 |  7- 9 || total
---------------------------+-------+-------+-------++-------
  Melee: Flail             |    95 |    62 |    45 ||   202
         Headbutt          |    16 |    15 |    10 ||    41
 Invoke: Recite            |       |       |     1 ||     1
    Use: Scroll            |     2 |     3 |     2 ||     7
         Potion            |       |       |     1 ||     1
 Armour: Scale mail        |    55 |       |       ||    55
         Chain mail        |    13 |    33 |       ||    46
         Plate armour      |       |    11 |    47 ||    58
  Dodge: Dodged            |    34 |    23 |    14 ||    71
  Block: Buckler           |    23 |    11 |    13 ||    47
